 Dungeon Crawl Stone Soup version 0.27-a0-1144-g0b7d3b79db (webtiles) character file.

Game seed: 3892530427382225962

28 neco the Firebug (level 3, 0/33 HPs)
             Began as an Octopode Fire Elementalist on May 10, 2021.
             Frozen to death by an endoplasm (4 damage)
             ... on level 2 of the Dungeon.
             The game lasted 00:28:39 (1325 turns).

neco the Firebug (Octopode Fire Elementalist)       Turns: 1325, Time: 00:28:40

Health: 0/33       AC:  1    Str:  7    XL:     3   Next: 14%
Magic:  3/6        EV: 13    Int: 17    God:
Gold:   64         SH:  0    Dex: 13    Spells: 5/6 levels left

rFire    . . .     SeeInvis .   c - +0 whip
rCold    . . .     Faith    .   (no shield)
rNeg     . . .     Spirit   .   (helmet restricted)
rPois    .         Reflect  .   (no amulet)
rElec    .         Harm     .   (no ring)
rCorr    .         Rampage  .   (no ring)
Will     .....                  (no ring)
Stlth    ..........             (no ring)
HPRegen  0.11/turn              (no ring)
MPRegen  0.10/turn              (no ring)
                                (no ring)
                                (no ring)

@: berserking, attractive, hasted, very quick
A: almost no armour, amphibious, 8 rings, camouflage 1, gelatinous body 1,
(nimble swimmer 1), tentacles
a: no special abilities


You were on level 2 of the Dungeon.
You visited 1 branch of the dungeon, and saw 2 of its levels.

You collected 64 gold pieces.

Inventory:

Hand Weapons
 c - a +0 whip (weapon)
 d - a +0 dagger
 e - a +0 dagger
 g - a +0 short sword
 h - a +0 short sword
 j - a +0 club
Missiles
 a - 88 stones
 i - 30 sling bullets
 k - 13 arrows
Scrolls
 l - a scroll of enchant armour {unknown}
 o - a scroll of noise {unknown}
Potions
 b - a potion of attraction


   Skills:
 + Level 0.7 Fighting
 + Level 0.5 Maces & Flails
 + Level 2.2 Dodging
 + Level 3.1 Stealth
 + Level 2.0 Spellcasting
 + Level 1.0 Conjurations
 + Level 3.6 Fire Magic


You had 5 spell levels left.
You knew the following spells:

 Your Spells              Type           Power      Damage    Failure   Level
a - Foxfire               Conj/Fire      36%        2x1d5     8%          1

Your spell library contained the following spells:

 Spells                   Type           Power      Damage    Failure   Level
 Conjure Flame            Conj/Fire      9%         6-21      22%         3
 Inner Flame              Hex/Fire       7%         N/A       28%         3
 Sticky Flame             Conj/Fire      9%         2d3       58%         4
 Fireball                 Conj/Fire      4%         3d4       91%         5


Dungeon Overview and Level Annotations

Branches:
Dungeon (2/15)

Altars:


Innate Abilities, Weirdness & Mutations

You cannot wear most types of armour.
You are amphibious.
You can wear up to eight rings at the same time.
Your skin changes colour to match your surroundings (Stealth+).
Your rubbery body absorbs attacks. (AC +1, EV +1)
((You are camouflaged near water. (Stealth+)))
You have tentacles for arms and can constrict up to eight enemies at once.


Message History

You conjure some foxfire!
The foxfire hits the centaur zombie but does no damage.
The centaur zombie is heavily damaged.
You hit the centaur zombie.
The centaur zombie is heavily damaged.
The foxfire hits the worm but does no damage.
The worm is lightly wounded.
Casting: Foxfire (safe; 8% risk of failure)
Confirm with . or Enter, or press ? or * to list all spells.
You conjure some foxfire!
The centaur zombie misses you. The centaur zombie barely misses you.
The centaur zombie hits you. The centaur zombie kicks you.
You are too injured to fight recklessly!
It was a potion of haste.
You feel yourself speed up.
The foxfire hits the worm.
The worm is moderately wounded.
The worm closely misses you. The centaur zombie hits you.
* * * LOW HITPOINT WARNING * * *
The centaur zombie kicks you.
* * * LOW HITPOINT WARNING * * *
Your foxfire dissipates!
An endoplasm comes into view.
The worm is pulled toward you!
The centaur zombie is pulled toward you!
The endoplasm is pulled toward you! The worm is pulled toward you!
The endoplasm is pulled toward you!
The centaur zombie is pulled toward you!
The helpless endoplasm fails to defend itself.
You hit the endoplasm but do no damage. The endoplasm freezes you.
You are frozen.
* * * LOW HITPOINT WARNING * * *
Unknown command.
It was a potion of berserk rage.
A red film seems to cover your vision as you go berserk!
You feel yourself moving faster!
You feel mighty!
You barely miss the endoplasm. The endoplasm freezes you.
You are frozen.
You die...

.# # #.. # #.. # ... #
#.# # ..# # #.# #J#
##..# #.#@# #...# #.#w#
#>..# #.#Z#
#...####.#)#####..
#.................
##....###.#.####...
##................."
#####.#..........####..#
..............##.#


You could see a worm, a centaur zombie and an endoplasm.

Vanquished Creatures
  2 ball pythons (D:1)
  3 endoplasms (D:1)
  2 giant cockroaches (D:1)
  A goblin (D:1)
  4 hobgoblins (D:1)
  2 jackals (D:1)
  2 quokkas
  3 frilled lizards (D:1)
  2 kobolds (D:1)
  4 rats (D:1)
25 creatures vanquished.

Vanquished Creatures (others)
  20 foxfires
20 creatures vanquished.

Grand Total: 45 creatures vanquished

Notes
Turn   | Place    | Note
-------+----------+-------------------------------------------
     0 | D:1      | neco the Octopode Fire Elementalist began the quest for the
                  | Orb.
     0 | D:1      | Reached XP level 1. HP: 11/11 MP: 3/3
   313 | D:1      | Reached XP level 2. HP: 17/18 MP: 5/5
  1022 | D:1      | Reached XP level 3. HP: 17/22 MP: 3/6
  1325 | D:2      | Frozen to death by an endoplasm

Illustrated notes

Levels and vault maps discovered:
D:1:      giann_horns, layout_rooms
D:2:      layout_loops_ring, uniq_sigmund

Skill      XL: |  1  2 |
---------------+-------+-----
Stealth        | 3 |  3.1
Fighting       | |  0.7
Maces & Flails | |  0.5
Dodging        | |  2.2
Spellcasting   | |  2.0
Conjurations   | |  1.0
Fire Magic     | |  3.6

Action                   || total
-------------------------++-------
Melee: Whip              ||    52
       Constrict         ||    12
       Tentacles         ||     8
 Cast: Foxfire           ||    11
  Use: Potion            ||     5
 Stab: Sleeping          ||     2
Armor: Skin              ||     6
Dodge: Dodged            ||    43

Table legend: (Time is in decaauts)
 A = Elapsed time spent in this place.
 B = Non-inter-level travel time spent in this place.
 C = Inter-level travel time spent in this place.
 D = Time resting spent in this place.
 E = Time spent auto-exploring this place.
 F = Levels seen in this place.
 G = Mean time per level.
                   A        B        C        D        E       F      G
               +--------+--------+--------+--------+--------+-----+--------+
         Total |   1327 |   1327 |      0 |      0 |      0 |   2 |  663.5 |
       Dungeon |   1327 |   1327 |      0 |      0 |      0 |   2 |  663.5 |
               +--------+--------+--------+--------+--------+-----+--------+

Top non-repeatable levels by time:
     D:1: 1235 daAuts
     D:2: 91 daAuts
